 Dungeon Crawl Stone Soup version 0.21-a0-516-gaaff437 (webtiles) character file.

18 4thArraOfDagon the Caller (level 2, -1/17 HPs)
             Began as a Gargoyle Summoner on Dec 3, 2017.
             Slain by an adder (3 damage)
             ... on level 2 of the Dungeon.
             The game lasted 00:01:16 (339 turns).

4thArraOfDagon the Caller (Gargoyle Summoner)        Turns: 339, Time: 00:01:17

Health: -1/17      AC:  4    Str: 11    XL:     2   Next: 66%
Magic:  0/5        EV: 12    Int: 15    God:
Gold:   45         SH:  0    Dex: 10    Spells: 4/5 levels left

rFire    . . .     SeeInvis .   d - +0 club
rCold    . . .     Gourm    .   (no shield)
rNeg     + . .     Faith    .   a - +0 robe
rPois    ∞         Spirit   .   (no helmet)
rElec    +         Reflect  .   (no cloak)
rCorr    .         Harm     .   (no gloves)
MR       .....                  (no boots)
Stlth    ++........             (no amulet)
HPRegen  0.05/turn              (no ring)
MPRegen  0.09/turn              (no ring)

@: no status effects
A: negative energy resistance 1, electricity resistance, unbreathing,
petrification resistance, rot immunity, AC +2
a: no special abilities


You were on level 2 of the Dungeon.
You were not hungry.

You visited 1 branch of the dungeon, and saw 2 of its levels.

You collected 45 gold pieces.

Inventory:

Hand Weapons
 d - a +0 club (weapon)
Armour
 a - a +0 robe (worn)
Books
 b - a book of Callings

   Spells                             Type                      Level
   a - Summon Small Mammal            Summoning                    1
   b - Call Imp                       Summoning                    2
   c - Call Canine Familiar           Summoning                    3
   d - Summon Guardian Golem          Hexes/Summoning              3
   e - Summon Lightning Spire         Summoning/Air                4
   f - Summon Ice Beast               Ice/Summoning                4
Comestibles
 c - a bread ration


   Skills:
 + Level 2.0 Fighting
 * Level 1.1 Maces & Flails
 - Level 1.5 Dodging
 - Level 2.1 Stealth
 - Level 2.0 Spellcasting
 - Level 3.6 Summonings


You had 4 spell levels left.
You knew the following spells:

 Your Spells              Type           Power        Failure   Level  Hunger
a - Summon Small Mammal   Summ           ##..         4%          1    #......


Dungeon Overview and Level Annotations

Branches:
Dungeon (2/15)

Altars:


Innate Abilities, Weirdness & Mutations

You are resistant to torment.
Your stone body is resilient. (AC +2)
You are immune to poison.
You resist negative energy. (rN+)
You are resistant to electric shocks. (rElec)
You can survive without breathing.
You are immune to petrification.
You are immune to rotting.


Message History

Your bat misses the adder.
Your rat bites the adder.
The adder bites your rat.
Your rat dies!
Your rat's corpse disappears in a puff of smoke!
You see here an adder corpse.
Unknown command.
Casting: Summon Small Mammal
Confirm with . or Enter, or press ? or * to list all spells.
Your bat hits the adder.
Unknown command.
You hit the adder but do no damage.
The adder is moderately wounded.
Your bat closely misses the adder.
The adder bites you.
* * * LOW HITPOINT WARNING * * *
The adder misses you.
Unknown command.
You closely miss the adder.
The adder is moderately wounded.
Your bat misses the adder.
Your bat barely misses the adder.
The adder bites you.
You die...

..# #..$....# #.#
#.......# ######.#
#.......# #......# #....#
#......# #.####
#......######b.#######
#####....................#
..........)#....S.......##
##.#########....@...≈≈..#
#.# ##...b...≈..≈.# ##.#
##≈...≈≈..≈..≈≈≈# .#.#
#≈≈..≈..≈..≈..≈≈≈# ...#
#≈≈..≈..≈⌠.≈...≈≈# #.##
#≈≈...≈.⌠≈..≈..≈≈# #.#
#≈≈≈..≈..≈..≈..≈≈#
#.#########≈≈≈..≈..≈≈...
#(#.......##.≈..≈......


You could see an adder and 2 friendly bats.

Vanquished Creatures
  A leopard gecko (D:2)
  A giant cockroach (D:2)
  A hobgoblin (D:2)
3 creatures vanquished.

Vanquished Creatures (collateral kills)
  An adder (D:2)
  2 oozes (D:1)
  A bat (D:1)
  A giant cockroach (D:2)
  A frilled lizard (D:1)
6 creatures vanquished.

Grand Total: 9 creatures vanquished

Notes
Turn   | Place    | Note
-------+----------+-------------------------------------------
     0 | D:1      | 4thArraOfDagon the Gargoyle Summoner began the quest for the Orb.
     0 | D:1      | Reached XP level 1. HP: 10/10 MP: 3/3
    48 | D:1      | Reached skill level 1 in Fighting
    51 | D:1      | Reached XP level 2. HP: 17/17 MP: 1/5
   335 | D:2      | Reached skill level 1 in Maces & Flails
   339 | D:2      | Slain by an adder

Vault maps used:
D:1:      dpeg_arrival_signposts, minivault_19
D:2:      cheibrodos_helix_gallery, grunt_qazlal_clouds, minmay_misc_feat_tiny

Skill      XL: |  1  2 |
---------------+-------+-----
Fighting       | 1 2 |  2.0
Maces & Flails | 1 |  1.1
Dodging        | |  1.5
Stealth        | |  2.1
Spellcasting   | |  2.0
Summonings     | |  3.6

Action                   || total
-------------------------++-------
Melee: Club              ||    27
 Cast: Summon Small Mamm ||    14
 Stab: Distracted        ||     1
Armor: Robe              ||    27
Dodge: Dodged            ||    30

Table legend:
 A = Spawn XP
 B = Non-spawn XP
 C = Spawn XP percentage of total XP
 D = Spawn monster count
 E = Non-spawn monster count
 F = Spawn count percentage of total count
 G = Total turns spent on level
                    A         B        C        D         E        F      G
               +---------+---------+-------+---------+---------+-------+---------
         Total |       0 |      26 |   0.0 |       0 |       9 |   0.0 |   339
               +---------+---------+-------+---------+---------+-------+---------
           D:1 |       0 |      10 |   0.0 |       0 |       4 |   0.0 |    73
           D:2 |       0 |      16 |   0.0 |       0 |       5 |   0.0 |   266
               +---------+---------+-------+---------+---------+-------+---------
